 Dungeon Crawl Stone Soup version 0.31.0-12-g77e489cdc1 (webtiles) character file.

Game seed: 6106109296063997657

40 jimonade the Shooter (level 3, -1/28 HPs)
             Began as a Barachi Hunter on Mar 2, 2024.
             Slain by Ijyb
             ... wielding a +0 club
              (4 damage)
             ... on level 3 of the Dungeon.
             The game lasted 00:02:57 (1294 turns).

jimonade the Shooter (Barachi Hunter)               Turns: 1294, Time: 00:02:58

Health: -1/28      AC:  3    Str: 12    XL:     3   Next: 50%
Magic:  3/3        EV: 12    Int:  9    God:
Gold:   71         SH:  0    Dex: 22    Spells: 2/2 levels left

rFire   . . .        b - +1 dagger of the Thirsty Xenops {flame, rC- Dex+5}
rCold   x . .        (no shield)
rNeg    . . .        c - +0 leather armour
rPois   .            (no helmet)
rElec   .            (no cloak)
rCorr   .            (no gloves)
SInv    .            (no boots)
Will    .....        (no amulet)
Stlth   ++           (no ring)
HPRegen 0.24/turn    (no ring)
MPRegen 0.08/turn

%: no passive effects
@: slow
A: amphibious, slowness 1, strong legs 1, +LOS
a: Hop


You were on level 3 of the Dungeon.
You visited 1 branch of the dungeon, and saw 3 of its levels.

You collected 71 gold pieces.

Inventory:

Hand Weapons
 a - a +0 shortbow
 b - the +1 dagger of the Thirsty Xenops (weapon) {flame, rC- Dex+5}
   (You found it on level 2 of the Dungeon)

   Dex+5:     It affects your dexterity (+5).
   rC-:       It makes you vulnerable to cold.
 f - a +3 flail
Missiles
 o - 8 poisoned darts
Armour
 c - a +0 leather armour (worn)
 e - a +0 scale mail
 n - the +1 robe of Jeshiagh {rF- rCorr Archmagi}
   (You found it on level 2 of the Dungeon)

   rF-:       It makes you vulnerable to fire.
   rCorr:     It protects you from acid and corrosion.
   Archmagi:  It increases the power of your magical spells.
Talismans
 p - a flux talisman
Scrolls
 d - a scroll of vulnerability {unknown}
 h - a scroll of teleportation {unknown}
 j - a scroll of identify {unknown}
 k - a scroll of enchant armour {unknown}
 l - a scroll of butterflies
 r - a scroll of immolation {unknown}
Potions
 g - 2 potions of berserk rage {unknown}
 i - a potion of cancellation {unknown}
 m - a potion of mutation {unknown}
 q - a potion of invisibility {unknown}


   Skills:
 - Level 2.4 Fighting
 + Level 5.2 Ranged Weapons
 - Level 2.1 Dodging
 - Level 0.8 Stealth


You had 2 spell levels left.
You didn't know any spells.
Your spell library was empty.

Dungeon Overview and Level Annotations

Branches:
Dungeon (3/15) Zot: 16467

Altars:

Shops:
D:1 (

Annotations:
D:3 Ijyb


Innate Abilities, Weirdness & Mutations

You are amphibious.
You cover ground slowly.
You can hop short distances.
You have an extended range of vision and can be seen from far away.


Message History

Search for what [Enter for "."]? throw Unknown command.
Partly explored, can't reach some places.
There is a stone staircase leading up here.
You see here a +0 robe.
There is an open door here.
There is a stone staircase leading down here.
You climb downwards.
Found a blue potion and a whip.
There is a stone staircase leading up here.
You shoot an arrow. The arrow hits Ijyb but does no damage.
Ijyb shouts!
Ijyb screams, "It's all mine!"
There is a stone staircase leading up here.
You shoot an arrow. The arrow hits Ijyb but does no damage.
You shoot an arrow. The arrow hits Ijyb.
Ijyb is moderately wounded.
You shoot an arrow. The arrow hits Ijyb.
Ijyb is heavily wounded.
You feel agile.
The +1 dagger of the Thirsty Xenops {flame, rC- Dex+5} bursts into flame!
b - the +1 dagger of the Thirsty Xenops (weapon)
{flame, rC- Dex+5} You closely miss Ijyb.
Ijyb is heavily wounded.
Ijyb screams, "Me very upset!"
Ijyb hits you with a +0 club.
You barely miss Ijyb.
Ijyb is heavily wounded.
Ijyb closely misses you.
You hit Ijyb. You burn Ijyb.
Ijyb is severely wounded.
Ijyb zaps a wand.
Your will is overpowered!
You are confused.
Ijyb screams, "I dance on your bones!"
Ijyb zaps a wand.
Your will is overpowered!
You are more confused.
Ijyb misses you. Ijyb barely misses you.
You closely miss Ijyb.
Ijyb is severely wounded.
Ijyb hits you but does no damage.
You closely miss Ijyb.
Ijyb is severely wounded.
Ijyb closely misses you.
Ijyb zaps a wand.
You resist with significant effort.
You're too confused to move!
Ijyb hits you with a +0 club. Ijyb attacks as she pursues you!
Ijyb hits you with a +0 club.
You bump into the rock wall.
Ijyb hits you but does no damage.
You hit Ijyb. You burn Ijyb.
Ijyb is almost dead.
Ijyb barely misses you.
You closely miss Ijyb.
Ijyb is almost dead.
You feel less confused. Ijyb hits you with a +0 club.
You hit Ijyb but do no damage.
Ijyb is severely wounded.
Ijyb zaps a wand.
You resist with significant effort.
You hit Ijyb. You burn Ijyb.
Ijyb is almost dead.
Ijyb closely misses you.
You hit Ijyb but do no damage.
Ijyb is almost dead.
Ijyb hits you with a +0 club.
You closely miss Ijyb.
Ijyb is almost dead.
Ijyb closely misses you.
You hit Ijyb but do no damage.
Ijyb is almost dead.
Ijyb barely misses you.
You closely miss Ijyb.
Ijyb is almost dead.
Ijyb barely misses you.
You hit Ijyb but do no damage.
Ijyb is almost dead.
Ijyb hits you with a +0 club.
You hit Ijyb but do no damage.
Ijyb is almost dead.
Ijyb completely misses you.
You barely miss Ijyb.
Ijyb is almost dead.
Ijyb hits you with a +0 club.
* * * LOW HITPOINT WARNING * * *
You hit Ijyb but do no damage.
Ijyb is almost dead.
Ijyb hits you but does no damage.
You hit Ijyb but do no damage.
Ijyb is almost dead.
Ijyb hits you with a +0 club.
* * * LOW HITPOINT WARNING * * *
You closely miss Ijyb.
Ijyb is almost dead.
Ijyb hits you with a +0 club.
* * * LOW HITPOINT WARNING * * *
You closely miss Ijyb.
Ijyb is almost dead.
Ijyb barely misses you.
You hit Ijyb but do no damage.
Ijyb is almost dead.
Ijyb hits you with a +0 club.
You die...

###+#########
#)...........
#............
#............
#..<.........
#............
#.g..........
#@..!........
#############


You could see Ijyb.

Vanquished Creatures
  An adder (D:2)
  3 ball pythons
  3 endoplasms (D:1)
  4 giant cockroaches
  A goblin (D:1)
  8 hobgoblins
  A quokka (D:1)
  2 bats (D:2)
  A frilled lizard (D:1)
  2 rats
26 creatures vanquished.

Notes
Turn   | Place    | Note
-------+----------+-------------------------------------------
     0 | D:1      | jimonade the Barachi Hunter began the quest for the Orb.
     0 | D:1      | Reached XP level 1. HP: 17/17 MP: 1/1
    86 | D:1      | Found Domp's Antique Weapon Emporium.
   138 | D:1      | Reached XP level 2. HP: 23/23 MP: 2/2
   664 | D:2      | Identified the +1 dagger of the Thirsty Xenops {flame, rC-
                  | Dex+5}
   717 | D:2      | Reached XP level 3. HP: 27/28 MP: 3/3
   764 | D:2      | Identified the +1 robe of Jeshiagh {rF- rCorr Archmagi}
   891 | D:2      | Reached skill level 5 in Ranged Weapons
  1259 | D:3      | Noticed Ijyb
  1294 | D:3      | Slain by Ijyb

Illustrated notes

Levels and vault maps discovered:
D:1:      lemuel_arrival_lava_pool, layout_loops_ring, serial_shops, shop
D:2:      layout_basic, kennysheep_nondescript, uniq_crazy_yiuf_cottage
D:3:      layout_basic, minmay_cupped, uniq_ijyb

Skill      XL: |  1  2  3 |
---------------+----------+-----
Ranged Weapons | 5 |  5.2
Fighting       | |  2.4
Dodging        | |  2.1
Stealth        | |  0.8

Action                     || total
---------------------------++-------
  Melee: Dagger            ||    25
   Fire: Shortbow          ||    64
 Armour: Leather armour    ||    22
  Dodge: Dodged            ||    21
